 Dungeon Crawl Stone Soup version 0.31.0-12-g77e489cdc1 (webtiles) character file.

Game seed: 18108083763200090871

56 Gadfly the Sneak (level 3, -3/17 HPs)
             Began as a Spriggan Enchanter on Feb 16, 2024.
             Slain by an orc
             ... wielding a +2 flail of protection
              (10 damage)
             ... on level 3 of the Dungeon.
             The game lasted 00:03:35 (2236 turns).

Gadfly the Sneak (Spriggan Enchanter)               Turns: 2236, Time: 00:03:38

Health: -3/17      AC:  2    Str:  4    XL:     3   Next: 69%
Magic:  1/8        EV: 18    Int: 16    God:
Gold:   145        SH:  0    Dex: 17    Spells: 0/8 levels left

rFire   . . .        b - +0 dagger (freeze)
rCold   . . .        (no shield)
rNeg    . . .        e - +0 robe
rPois   .            (helmet restricted)
rElec   .            (no cloak)
rCorr   .            (gloves unavailable)
SInv    +            (boots unavailable)
Will    +....        (no amulet)
Stlth   +++          i - ring of willpower
HPRegen 0.22/turn    (no ring)
MPRegen 0.11/turn

%: no passive effects
@: very quick
A: very small, no large weapons, unfitting armour, see invisible, speed 3
a: no special abilities


You were on level 3 of the Dungeon.
You visited 1 branch of the dungeon, and saw 3 of its levels.

You collected 145 gold pieces.

Inventory:

Hand Weapons
 a - a +2 dagger
 b - a +0 dagger of freezing (weapon)
Armour
 e - a +0 robe (worn)
Jewellery
 i - a ring of willpower (left hand)
Scrolls
 d - 4 scrolls of teleportation
 f - a scroll of fog
 g - a scroll of fear
 k - a scroll of identify {unknown}
 l - a scroll of immolation
 m - a scroll of torment {unknown}
 n - a scroll of vulnerability {unknown}
Potions
 c - a potion of invisibility
 h - a potion of brilliance
 j - a potion of magic {unknown}


   Skills:
 + Level 0.9 Fighting
 + Level 2.0 Short Blades
 + Level 3.2 Dodging
 + Level 4.7 Stealth
 + Level 3.0 Spellcasting
 + Level 4.0 Hexes
 + Level 1.2 Evocations


You couldn't memorise any spells.
You knew the following spells:

 Your Spells              Type           Power      Damage    Failure   Level
a - Ensorcelled Hibernat  Hex/Ice        16%        N/A       12%         2
b - Confusing Touch       Hex            15%        N/A       11%         3
c - Tukima's Dance        Hex            15%        N/A       11%         3

Your spell library contained the following spells:

 Spells                   Type           Power      Damage    Failure   Level
 Sting                    Conj/Alch      8%         1d3       19%         1
 Dazzling Flash           Conj/Hex       16%        N/A       24%         3
 Mercury Vapours          Alch/Air       4%         N/A       28%         2
 Olgreb's Toxic Radiance  Alch           2%         N/A       88%         4


Dungeon Overview and Level Annotations

Branches:
Dungeon (3/15)

Altars:


Innate Abilities, Weirdness & Mutations

You are very small and have problems with some larger weapons.
You are too small for most types of armour.
You have supernaturally acute eyesight. (SInv)
You cover ground extremely quickly. (Speed+++)


Message History

You closely miss the goblin.
A nearby fungus withers and dies.
The orc hits the fungus with a +2 flail of protection.
The goblin barely misses you.
The orc hits the fungus with a +0 dagger.
You hit the goblin. You freeze the goblin.
You kill the goblin!
The orc hits the toadstool with a +2 flail of protection.
The toadstool is destroyed!
Your Short Blades skill increases to level 2!
You see here 4 gold pieces.
Found a stone staircase leading up.
You see here 11 gold pieces.
You hit the orc. You freeze the orc.
The orc is heavily wounded.
A nearby fungus withers and dies.
The orc misses you.
You hit the orc. You freeze the orc.
You kill the orc!
A nearby fungus withers and dies.
The orc hits you with a +2 flail of protection!
Ouch! That really hurt!
You are too injured to fight recklessly!
You are too injured to fight recklessly!
You are too injured to fight recklessly!
You are too injured to fight recklessly!
You are too injured to fight recklessly!
You are too injured to fight recklessly!
You are too injured to fight recklessly!
You are too injured to fight recklessly!
You are too injured to fight recklessly!
You are too injured to fight recklessly!
You are too injured to fight recklessly!
Casting: Ensorcelled Hibernation (safe; 12% risk of failure)
Confirm with . or Enter, or press ? or * to list all spells.
Aiming: Ensorcelled Hibernation (safe; 12% risk of failure)
Press: ? - help, Shift-Dir - straight line, f - orc
Aim: an orc, wielding a +0 club (chance to affect: 59%)
The orc looks drowsy...
The orc hits you with a +2 flail of protection!
Ouch! That really hurt!
You die...

#.# #........#
#.# ########.#
###.# #.# ####
....# #.# .....
##### ####.#
.....
#....#......
#.####......
#.#.PPPo.....<
#..P$$@P......
#..P$$o)......
#...$.P$$$.......
#####
#.###.PP.P.......
....# #
.....###......
###.# #####.#
###### ....# ..#
##### ####


You could see 2 orcs.

Vanquished Creatures
  A ribbon worm (D:3)
  2 orcs (D:3)
  2 endoplasms (D:1)
  4 giant cockroaches (D:1)
  3 goblins
  6 hobgoblins
  2 jackals (D:2)
  7 kobolds
  A quokka (D:1)
  3 ball pythons
  4 bats (D:1)
  3 frilled lizards (D:2)
  11 rats
49 creatures vanquished.

Notes
Turn   | Place    | Note
-------+----------+-------------------------------------------
     0 | D:1      | Gadfly the Spriggan Enchanter began the quest for the Orb.
     0 | D:1      | Reached XP level 1. HP: 9/9 MP: 5/5
   106 | D:1      | Reached XP level 2. HP: 13/13 MP: 6/6
   220 | D:1      | Learned a level 2 spell: Ensorcelled Hibernation
   374 | D:1      | Reached skill level 1 in Evocations
   426 | D:1      | Reached XP level 3. HP: 17/17 MP: 8/8
   430 | D:1      | Learned a level 3 spell: Confusing Touch
  1100 | D:1      | Learned a level 3 spell: Tukima's Dance
  2236 | D:3      | Slain by an orc

Illustrated notes

Levels and vault maps discovered:
D:1:      dpeg_arrival_shelter, layout_loops_cross, minmay_crystal_room,
          st_stairs_10, chequers_serial_rivers_small_3, minmay_crystal_water,
          minmay_rat_gold_closets
D:2:      layout_loops_ring, hangedman_decor_diamond_cutter
D:3:      layout_basic, minmay_gold_behind_fungi, uniq_grinder

Skill      XL: |  1  2  3 |
---------------+----------+-----
Dodging        | 3 |  3.2
Evocations     | 1 |  1.2
Spellcasting   | 3 |  3.0
Hexes          | 4 |  4.0
Short Blades   | 2 |  2.0
Fighting       | |  0.9
Stealth        | |  4.7

Action                     || total
---------------------------++-------
  Melee: Dagger            ||   117
   Cast: Ensorcelled Hiber ||    30
    Use: Potion            ||     2
         Scroll            ||     8
   Stab: Sleeping          ||    23
         Invisible         ||     2
 Armour: Robe              ||    41
  Dodge: Dodged            ||    81
